 Dungeon Crawl Stone Soup version 0.23.2-33-g5129a83184 (webtiles) character file.

Game seed: 4766377916188134820

348 FishyPogo the Ruffian (level 6, -2/52 HPs)
             Began as a Draconian Wanderer on Aug 4, 2019.
             Drowned by a drowned soul (3 damage)
             ... summoned by a malarious merfolk avatar
             ... in a sewer.
             The game lasted 00:16:32 (3188 turns).

FishyPogo the Ruffian (Draconian Wanderer)          Turns: 3188, Time: 00:16:33

Health: -2/52      AC:  6    Str: 25    XL:     6   Next: 33%
Magic:  6/6        EV: 12    Int: 18    God:
Gold:   177        SH:  0    Dex:  6    Spells: 5/5 levels left

rFire    . . .     SeeInvis .     - Unarmed
rCold    . . .     Gourm    .   (no shield)
rNeg     . . .     Faith    .   (armour unavailable)
rPois    .         Spirit   .   (helmet restricted)
rElec    .         Reflect  .   (no cloak)
rCorr    .         Harm     .   (no gloves)
MR       .....                  (no boots)
Stlth    +.........             (no amulet)
HPRegen  0.17/turn              (no ring)
MPRegen  0.10/turn              (no ring)

@: mighty, brilliant, mesmerised, hasted (expiring), quick
A: unfitting armour, horns 1, clumsy 1, strong 1, cold-blooded, AC +6
a: no special abilities


You were in a sewer.
You were not hungry.

You visited 1 branch of the dungeon, and saw 4 of its levels.
You also visited: Sewer.

You collected 177 gold pieces.

Inventory:

Hand Weapons
 a - a +0 spear
 n - a +2 short sword of freezing
Missiles
 h - 51 stones (quivered)
 k - 7 javelins
Scrolls
 c - a scroll of fear
 m - 2 scrolls of identify {unknown}
 p - 2 scrolls of teleportation
Potions
 d - 2 potions of lignification
 g - 4 potions of flight
 i - 2 potions of might
 j - 2 potions of curing
 l - 2 potions of brilliance
Comestibles
 f - 4 rations
 o - 13 chunks of flesh


   Skills:
 + Level 3.9 Fighting
 + Level 2.1 Throwing
 + Level 2.1 Dodging
 - Level 2.0 Stealth
 * Level 6.5 Unarmed Combat
 - Level 0.2 Spellcasting
   Level 1.0 Evocations


You had 5 spell levels left.
You didn't know any spells.
Your spell library was empty.

Dungeon Overview and Level Annotations

Branches:
Dungeon (4/15)
 Temple: D:4-7

Altars:
Hepliaklqana
Zin

Annotations:
D:4 Ijyb


Innate Abilities, Weirdness & Mutations

Your plain brown scales are hard. (AC +6)
You cannot fit into any form of body armour.
You are cold-blooded and may be slowed by cold attacks.
You have a pair of small horns on your head.
You are clumsy. (Dex -2)
Your muscles are strong. (Str +2)


Message History

* * * LOW HITPOINT WARNING * * *
It was a potion of brilliance.
You feel clever all of a sudden.
The malarious merfolk avatar chants its luring song.
It was a potion of berserk rage.
You are too mesmerised to rage.
Unknown command.
It was a potion of mutation.
You feel extremely strange.
You feel clumsy.
You feel stronger. A pair of horns grows on your head!
The malarious merfolk avatar chants its luring song.
Okay, then.
As you read the scroll of fear, it crumbles to dust.
You assume a fearsome visage.
The drowned soul is unaffected. x3
The malarious merfolk avatar resists with some effort.
The drowned soul touches you. The drowned soul drowns you.
* * * LOW HITPOINT WARNING * * *
The malarious merfolk avatar chants its luring song.
Your extra speed is starting to run out.
The pull of its song draws you forwards.
The drowned soul touches you. The drowned soul drowns you.
You die...

≈≈≈≈≈≈≈≈.# ####
≈≈≈≈≈≈≈≈≈.# #..#
≈≈≈≈≈≈≈W≈.# #..#
≈≈≈≈≈≈≈≈≈≈###..# ##
≈≈≈≈≈≈≈≈≈≈≈≈#..########≈
≈≈≈≈≈≈≈≈≈≈≈≈≈≈≈≈≈≈≈≈≈≈≈#
≈≈≈≈≈≈≈≈≈≈≈≈#.†#########
≈≈≈≈≈≈≈≈≈≈###.†# #≈÷...
≈≈≈≈≈≈≈@≈≈# ##.## #≈÷###
≈≈≈≈≈≈m≈≈## #..###..#
≈≈≈≈≈≈≈≈≈≈# ##.†÷..##
≈≈≈≈≈≈≈≈≈≈≈≈ #######
≈≈≈≈≈≈≈≈≈≈≈≈≈
≈≈≈≈≈≈≈≈≈≈≈≈≈≈≈
≈≈≈≈≈≈≈≈≈≈≈≈≈≈≈
###############


You could see a malarious merfolk avatar and a drowned soul.

Vanquished Creatures
  2 orc wizards (D:2)
  Jessica (D:3)
  Terence (D:3)
  A merfolk siren (Sewer)
  11 adders
  A river rat (D:4)
  An ooze (D:2)
  5 worms
  4 dart slugs
  5 leopard geckos
  2 orcs (D:2)
  5 ball pythons
  5 giant cockroaches
  5 goblins
  4 hobgoblins (D:2)
  4 jackals (D:1)
  4 kobolds
  3 bats (D:2)
  3 frilled lizards
  29 rats
96 creatures vanquished.

Notes
Turn   | Place    | Note
-------+----------+-------------------------------------------
     0 | D:1      | FishyPogo the Draconian Wanderer began the quest for the
                  | Orb.
     0 | D:1      | FishyPogo set off with the following items: a +0 spear, a
                  | potion of haste, a scroll of fear, a potion of
                  | lignification, a +0 dagger, a ration
     0 | D:1      | Reached XP level 1. HP: 17/17 MP: 1/1
   153 | D:1      | Reached XP level 2. HP: 23/25 MP: 2/2
   697 | D:2      | Reached XP level 3. HP: 6/30 MP: 3/3
  1153 | D:2      | Reached skill level 1 in Throwing
  1153 | D:2      | Reached skill level 1 in Dodging
  1153 | D:2      | Reached XP level 4. HP: 37/38 MP: 4/4
  1425 | D:2      | Reached XP level 5. HP: 36/45 MP: 5/5
  1504 | D:2      | Reached skill level 6 in Unarmed Combat
  1951 | D:3      | Found a glowing silver altar of Zin.
  2182 | D:3      | Noticed Terence
  2382 | D:3      | Killed Terence
  2484 | D:3      | Noticed Jessica
  2558 | D:3      | Killed Jessica
  2702 | D:3      | Found a hazy altar of Hepliaklqana.
  2741 | D:4      | Noticed Ijyb
  2856 | D:4      | Reached XP level 6. HP: 33/52 MP: 6/6
  2863 | D:4      | Found a glowing drain.
  2871 | Sewer    | Entered a sewer
  3185 | Sewer    | Gained mutation: You are clumsy. (Dex -2) [potion of
                  | mutation]
  3185 | Sewer    | Gained mutation: Your muscles are strong. (Str +2) [potion
                  | of mutation]
  3185 | Sewer    | Gained mutation: You have a pair of small horns on your
                  | head. [potion of mutation]
  3186 | Sewer    | HP: 1/52 [drowned by a drowned soul[a malarious merfolk
                  | avatar] (3)]
  3188 | Sewer    | Drowned by a drowned soul

Skill      XL: |  1  2  3  4  5  6 |
---------------+-------------------+-----
Stealth        | 2 |  2.0
Fighting       | 3 |  3.9
Throwing       | 1 2 |  2.1
Dodging        | 1 2 |  2.1
Unarmed Combat | 6 |  6.5
Spellcasting   | |  0.2
Evocations     | |  1.0

Action                   |  1- 3 |  4- 6 || total
-------------------------+-------+-------++-------
Melee: Unarmed           |    88 |   251 ||   339
       Spear             |    10 |       ||    10
       Tailslap          |     4 |    17 ||    21
       Punch             |       |     4 ||     4
Throw: Stone             |    31 |    65 ||    96
  Use: Potion            |       |     7 ||     7
       Scroll            |       |     4 ||     4
 Stab: Sleeping          |     3 |     2 ||     5
       Distracted        |       |     1 ||     1
  Eat: Chunk             |     1 |     7 ||     8
Armor: Skin              |    24 |    78 ||   102
Dodge: Dodged            |    46 |   114 ||   160
